 Dungeon Crawl Stone Soup version 0.26.0-45-g9c1d065592 (webtiles) character file.

Game seed: 2805061268388728872

368 H0rd4k the Insei (level 6, -1/39 HPs)
             Began as an Octopode Transmuter on Jan 28, 2021.
             Slain by an ogre
             ... wielding a +0 giant club
              (23 damage)
             ... on level 7 of the Dungeon.
             The game lasted 00:05:36 (4185 turns).

H0rd4k the Insei (Octopode Transmuter)              Turns: 4185, Time: 00:05:37

Health: -1/39      AC:  1    Str: 10    XL:     6   Next: 69%
Magic:  9/9        EV: 14    Int: 19    God:
Gold:   169        SH:  0    Dex: 12    Spells: 5/9 levels left

rFire    + . .     SeeInvis .   s - +7 long sword of Wu Jian's Outrage {flame, +Inv rPois Int+2}
rCold    . . .     Faith    .   (no shield)
rNeg     . . .     Spirit   .   (helmet currently unavailable)
rPois    +         Reflect  .   (no amulet)
rElec    .         Harm     .   k - ring of protection from fire
rCorr    .         Rampage  .   n - ring of flight
Will     .....                  (no ring)
Stlth    ++++......             (no ring)
HPRegen  0.13/turn              (no ring)
MPRegen  0.11/turn              (no ring)
                                (no ring)
                                (no ring)

@: appendages (expiring)
A: almost no armour, stealthy swim, amphibious, 8 rings, constrict 8, tentacle
spike 3, camouflage 1, gelatinous body 1
a: End Transformation, Evoke Invisibility, Evoke Flight


You were on level 7 of the Dungeon.
One of your tentacles had a temporary spike.
You visited 2 branches of the dungeon, and saw 8 of its levels.

You collected 169 gold pieces.

Inventory:

Hand Weapons
 s - the +7 long sword of Wu Jian's Outrage (weapon) {flame, +Inv rPois Int+2}
   (You found it on level 7 of the Dungeon)

   It has been specially enchanted to burn those struck by it, causing extra
   injury to most foes and up to half again as much damage against particularly
   susceptible opponents.
   Big, fiery blades are also staple armaments of hydra-hunters.
   It affects your intelligence (+2).
   It protects you from poison.
   It lets you turn invisible.
Missiles
 b - 54 poisoned darts
Jewellery
 k - a ring of protection from fire (left tentacle)
 n - a ring of flight (right tentacle)
 q - a cursed amulet of inaccuracy {unknown}
Wands
 c - a wand of digging (4)
Scrolls
 a - a scroll of noise {unknown}
 d - 2 scrolls of enchant armour {unknown}
 e - a scroll of immolation {unknown}
 g - 3 scrolls of remove curse {unknown}
 i - 2 scrolls of fog {unknown}
 j - 2 scrolls of teleportation {unknown}
 l - a scroll of fear {unknown}
 m - 2 scrolls of identify {unknown}
 t - a scroll of torment {unknown}
 u - a scroll of random uselessness {unknown}
Potions
 f - a potion of might
 h - a potion of magic {unknown}
 o - a potion of haste {unknown}
 p - a potion of degeneration {unknown}
 r - a potion of heal wounds {unknown}
 v - a potion of lignification {unknown}


   Skills:
 + Level 1.6 Fighting
 + Level 0.5 Long Blades
 + Level 2.6 Dodging
 + Level 5.0 Stealth
 + Level 5.1 Unarmed Combat
 + Level 2.4 Spellcasting
 + Level 2.6 Transmutations


You had 5 spell levels left.
You knew the following spells:

 Your Spells              Type           Power        Failure   Level
a - Beastly Appendage     Tmut           24%          5%          1
b - Spider Form           Tmut/Pois      3%           28%         3

Your spell library contained the following spells:

 Spells                   Type           Power        Failure   Level
 Wereblood                Tmut           12%          9%          2
 Ice Form                 Ice/Tmut       7%           67%         4
 Blade Hands              Tmut           6%           83%         5


Dungeon Overview and Level Annotations

Branches:
Dungeon (7/15)             Temple (1/1) D:7

Altars:
Cheibriados
Elyvilon
Fedhas
Gozag
Hepliaklqana
Kikubaaqudgha
Makhleb
Qazlal
Ru
Sif Muna
Trog
Uskayaw
Vehumet
Wu Jian
Xom
Yredelemnul
Zin
The Shining One

Annotations:
D:4 Robin
D:5 exclusions: orc warrior and upstairs
D:6 exclusions: iguana and 2 upstairs
D:7 2 transporters, VeinyPole's ghost, novice TrMo


Innate Abilities, Weirdness & Mutations

You cannot wear most types of armour.
You are very stealthy in the water. (Stealth+)
You are amphibious.
You can wear up to eight rings at the same time.
You can use your tentacles to constrict eight enemies at once.
Your skin changes colour to match your surroundings (Stealth+).
Your rubbery body absorbs attacks. (AC +1, EV +1)
One of your tentacles bears a large vicious spike.


Message History

The ogre is heavily wounded.
The ogre misses you. The ogre hits you with a +0 giant club.
You barely miss the ogre.
The ogre is heavily wounded.
The ogre completely misses you.
You barely miss the ogre. You squeeze the ogre.
The ogre is severely wounded.
The ogre misses you. The ogre barely misses you.
You hit the ogre. You burn the ogre.
The ogre is almost dead.
The ogre hits you with a +0 giant club!
VeinyPole's ghost says, "I was once a great warrior, and I still am!"
The ogre barely misses you.
The gnoll shouts!
You hit the ogre. You burn the ogre.
You kill the ogre!
You hear a shout! x2
The ogre hits you with a +0 giant club!!
Ouch! That really hurt!
You die...

#.≈≈.8#.######'######(#8.
#.≈≈###g......gg......###
#.≈≈#..g###W#####.###..=#
#.≈≈#..g#.###.©.###.#gg.#
##.≈≈#####......)....#####
#..≈≈≈≈≈≈≈≈≈≈≈≈≈≈≈≈≈≈≈≈≈≈≈
#..≈≈≈≈≈≈≈≈≈≈≈≈≈≈≈≈≈≈≈≈≈≈≈
#.......O................÷
#.##.#..)@.....>..........
#.##+#'##########.###.....
#...O...... #....)...)
###.......O #####.....
#........ #..... ##'#'####
#....# ...... #....#
.....B #....# .......
#....#


You could see an ogre, a gnoll sergeant, a gnoll shaman, VeinyPole's ghost and 3
gnolls.

Vanquished Creatures
  A phantom (D:7)
  An ogre (D:7)
  A big kobold (D:7)
  Crazy Yiuf (D:2)
  Terence (D:2)
  An orc wizard (D:5)
  A worker ant (D:7)
  3 adders
  A shadow imp (D:5)
  An ufetubus (D:7)
  3 oozes (D:1)
  2 dart slugs
  3 leopard geckos
  3 orcs
  A bat (D:1)
  3 giant cockroaches
  7 goblins
  4 hobgoblins
  12 kobolds
  2 frilled lizards
  A jackal skeleton (D:6)
  5 rats
58 creatures vanquished.

Vanquished Creatures (others)
  6 plants (D:7)
6 creatures vanquished.

Grand Total: 64 creatures vanquished

Notes
Turn   | Place    | Note
-------+----------+-------------------------------------------
     0 | D:1      | H0rd4k the Octopode Transmuter began the quest for the Orb.
     0 | D:1      | Reached XP level 1. HP: 13/13 MP: 3/3
    59 | D:1      | Reached XP level 2. HP: 4/18 MP: 5/5
   515 | D:1      | Reached XP level 3. HP: 23/23 MP: 6/6
  1199 | D:2      | Found a runed translucent door.
  1200 | D:2      | Noticed Crazy Yiuf
  1245 | D:2      | Reached skill level 1 in Stealth
  1698 | D:2      | Found a faded altar of an unknown god.
  1956 | D:2      | Noticed Terence
  1966 | D:2      | Killed Terence
  1967 | D:2      | Reached XP level 4. HP: 23/28 MP: 5/7
  2304 | D:2      | Killed Crazy Yiuf
  2463 | D:2      | Learned a level 3 spell: Spider Form
  2639 | D:3      | Reached XP level 5. HP: 30/33 MP: 8/8
  2666 | D:4      | Noticed Robin
  2669 | D:5      | Entered Level 5 of the Dungeon
  2963 | D:5      | Noticed a sky beast
  3033 | D:5      | Noticed an orc warrior
  3098 | D:5      | Noticed a centaur
  3441 | D:7      | Noticed a phantom
  3452 | D:7      | Found a staircase to the Ecumenical Temple.
  3458 | Temple   | Entered the Ecumenical Temple
  3686 | D:7      | Noticed a big kobold
  3688 | D:7      | Got a twisted long sword
  3703 | D:7      | Identified the +7 long sword of Wu Jian's Outrage {flame,
                  | +Inv rPois Int+2} (You found it on level 7 of the Dungeon)
  3707 | D:7      | Killed a big kobold
  3708 | D:7      | Reached XP level 6. HP: 23/38 MP: 7/9
  3720 | D:7      | Reached skill level 5 in Unarmed Combat
  3772 | D:7      | Identified the ring "Bumeopnoi" {Will+ Int+3}
  3877 | D:7      | Found a transporter.
  3900 | D:7      | Identified the +5 trident of Sudden Death {venom, Int+3}
  3900 | D:7      | Identified the +3 ring mail "Zopiq" {rF+}
  3902 | D:7      | Noticed VeinyPole's ghost (novice TrMo)
  3927 | D:7      | Found a transporter.
  3956 | D:7      | Found a stormy altar of Qazlal.
  3956 | D:7      | Found a glowing golden altar of the Shining One.
  3963 | D:7      | Found a sacrificial altar of Ru.
  3965 | D:7      | Found a faded altar of an unknown god.
  3966 | D:7      | Found a radiant altar of Vehumet.
  4075 | D:7      | Killed a phantom
  4076 | D:7      | Reached skill level 5 in Stealth
  4185 | D:7      | Slain by an ogre

Illustrated notes

Levels and vault maps discovered:
D:1:      minmay_arrival_five_plusses, layout_basic, minmay_pentomino_p2
D:2:      layout_basic, chequers_ecumenical_altar_simple_redux,
          uniq_crazy_yiuf_cottage, uniq_terence
D:3:      layout_loops_ring, gammafunk_temple_overflow_statue
D:4:      wander_river, layout_loops_ring, portal_sewer_entry_a,
          enter_ossuary_4, uniq_eustachio, uniq_robin, uniq_menkaure
D:5:      layout_rooms, minivault_23, minmay_fractal_squares_diagonal_5
D:6:      minmay_diamond_boxcup, layout_cave_pools,
          chequers_serial_rivers_micro_c, minmay_misc_feat_hallway, uniq_sigmund
D:7:      layout_basic, chequers_temple_overflow_minitemple, temple_doors_e,
          gammafunk_ghost_gnarly_gnolls
Temple:   nicolae_temple_elliptical

Skill      XL: |  1  2  3  4  5  6 |
---------------+-------------------+-----
Stealth        | 2 3 4 5 |  5.0
Unarmed Combat | 4 5 |  5.1
Fighting       | |  1.6
Long Blades    | |  0.5
Dodging        | |  2.6
Spellcasting   | |  2.4
Transmutations | |  2.6

Action                   |  1- 3 |  4- 6 || total
-------------------------+-------+-------++-------
Melee: Unarmed           |    64 |    45 ||   109
       Tentacles         |    16 |     8 ||    24
       Constrict         |    10 |    18 ||    28
       Punch             |     2 |       ||     2
       Kick              |       |    11 ||    11
       Long sword        |       |    19 ||    19
 Cast: Beastly Appendage |     1 |    10 ||    11
  Use: Potion            |       |     2 ||     2
 Stab: Sleeping          |    11 |     4 ||    15
Armor: Skin              |     4 |     1 ||     5
Dodge: Dodged            |    33 |    56 ||    89
       Rpst.: Long sword |       |     4 ||     4
